 Dungeon Crawl Stone Soup version 0.21.1-1-g345015fe64 (webtiles) character file.

21892 Norrik the Fencer (level 12, -2/112 (113) HPs)
             Began as a Minotaur Monk on Apr 25, 2018.
             Was the Champion of Okawaru.
             Killed from afar by a lindwurm (30 damage)
             ... with a blast of flame
             ... summoned by Kirke
             ... on level 12 of the Dungeon.
             The game lasted 00:32:18 (12942 turns).

Norrik the Fencer (Minotaur Monk)                  Turns: 12942, Time: 00:32:18

HP:   -2/112 (113)  AC:  0    Str: 20    XL:     12   Next: 58%
MP:   15/15         EV: 16    Int:  7    God:    Okawaru [******]
Gold: 659           SH:  0    Dex: 14    Spells: 11/11 levels left

rFire    . . .     SeeInvis .   (weapon currently unavailable)
rCold    + . .     Gourm    +   (shield currently unavailable)
rNeg     . . .     Faith    .   (armour currently unavailable)
rPois    .         Spirit   .   (helmet currently unavailable)
rElec    .         Reflect  .   (cloak currently unavailable)
rCorr    .         Harm     .   (gloves currently unavailable)
MR       .....                  (boots currently unavailable)
Stlth    ++........             D - amulet "Borub" {Gourm rC+}
HPRegen  0.28/turn              (ring currently unavailable)
MPRegen  0.14/turn              (ring currently unavailable)

@: pig-form, slowed
A: small, (retaliatory headbutt)
a: Heroism, Finesse, Renounce Religion


You were on level 12 of the Dungeon.
You worshipped Okawaru.
Okawaru was exalted by your worship.
You were very full.
You were a filthy swine.
You visited 2 branches of the dungeon, and saw 13 of its levels.

You collected 819 gold pieces.
You spent 160 gold pieces at shops.

Inventory:

Hand Weapons
 w - a +3 scimitar (melded)
 O - a +2 vampiric great sword
Missiles
 n - 6 tomahawks (quivered)
Armour
 d - a scarf of cloud immunity
 l - a +1 plate armour (melded)
 s - a +2 cloak
 z - the +1 pair of gloves "Igaciysk" (melded) {MP-9 Int-3 Dex+9 SInv}
   (You found it on level 4 of the Dungeon)

   It affects your intelligence (-3).
   It affects your dexterity (+9).
   It affects your magic capacity (-9).
   It lets you see invisible.
 F - the +3 buckler of Ricis Fem (melded) {rElec rN+ Str+3 Slay+3}
   (Okawaru gifted it to you on level 8 of the Dungeon)

   It affects your strength (+3).
   It affects your accuracy and damage with ranged weapons and melee attacks
   (+3).
   It insulates you from electricity.
   It protects you from negative energy.
 G - a +2 pair of boots (melded)
 J - a +1 hat (melded)
 L - a +1 cloak of invisibility (melded)
Jewellery
 f - an uncursed ring of ice
 k - a +1 ring of protection (melded)
 v - a cursed -3 ring of evasion {unknown}
 C - a ring of magical power (melded)
 D - the amulet "Borub" (around neck) {Gourm rC+}
   (You bought it in a shop on level 9 of the Dungeon)

   [amulet of the gourmand]

   It allows you to eat raw meat even when not hungry.
   It protects you from cold.
 H - an uncursed ring of flight
 N - a cursed ring of positive energy {unknown}
Wands
 a - a wand of paralysis (13)
 I - a wand of enslavement (26)
Scrolls
 e - 8 scrolls of identify
 j - 2 scrolls of immolation
 m - a scroll of fear
 t - a scroll of amnesia
 u - 3 scrolls of remove curse
 y - a scroll of enchant weapon
 E - 2 scrolls of vulnerability
 P - a scroll of blinking {unknown}
 R - 2 scrolls of teleportation
Potions
 b - 2 potions of might
 g - 4 potions of heal wounds
 h - 2 potions of haste
 i - 2 potions of degeneration
 p - 2 potions of magic
 q - 2 potions of curing
 x - 2 potions of lignification
 B - a potion of flight
 K - a potion of resistance
 M - a potion of cancellation {unknown}
 S - a potion of ambrosia {unknown}
Books
 o - a book of Maledictions

   Spells                             Type                      Level
   a - Corona                         Hexes                        1
   b - Ensorcelled Hibernation        Hexes/Ice                    2
   c - Confuse                        Hexes                        3
   d - Tukima's Dance                 Hexes                        3
   e - Dazzling Spray                 Conjuration/Hexes            3
 r - Jessica's Reference Book on the Traveller
   (You found it on level 2 of the Dungeon)

   Spells                             Type                      Level
   a - Shroud of Golubria             Charms/Translocation         2
 A - a book of Necromancy

   Spells                             Type                      Level
   a - Pain                           Necromancy                   1
   b - Animate Skeleton               Necromancy                   1
   c - Vampiric Draining              Necromancy                   3
   d - Regeneration                   Charms/Necromancy            3
   e - Animate Dead                   Necromancy                   4
   f - Borgnjor's Vile Clutch         Necromancy/Earth             5
Comestibles
 c - 17 rations


   Skills:
 + Level 12.3 Fighting
 * Level 16.4 Long Blades
 + Level 11.9 Armour
 - Level 3.2 Dodging
 - Level 1.5 Stealth
 + Level 2.3 Shields
 - Level 6.0 Invocations


You had 11 spell levels left.
You didn't know any spells.

Dungeon Overview and Level Annotations

Branches:
Dungeon (12/15)            Temple (1/1) D:5            Lair (0/6) D:8
    Orc (0/2) D:9

Altars:
Ashenzari
Cheibriados
Dithmenos
Elyvilon
Fedhas
Gozag
Hepliaklqana
Kikubaaqudgha
Makhleb
Nemelex Xobeh
Okawaru
Qazlal
Ru
Sif Muna
Trog
Uskayaw
Vehumet
Wu Jian
Xom
Yredelemnul
Zin
The Shining One

Shops:
D:4 [   D:7 *   D:9 [[!*   D:11 [[   D:12 }*

Annotations:
D:12 Kirke


Innate Abilities, Weirdness & Mutations

((You reflexively headbutt those who attack you in melee.))
((You have a pair of horns on your head.))


Message History

* * * LOW HITPOINT WARNING * * *
You hit Kirke.
Kirke is almost dead.
Kirke mumbles some strange words.
Kirke flickers and vanishes!
Deactivating autopickup; reactivate with Ctrl-A.
The lindwurm bites you.
* * * LOW HITPOINT WARNING * * *
The lindwurm barely misses you. x2
You hear some strange, mumbled words.
You feel as though you will be slow longer.
The lindwurm completely misses you. The lindwurm claws you.
* * * LOW HITPOINT WARNING * * *
The lindwurm claws you.
* * * LOW HITPOINT WARNING * * *
You hear some strange, mumbled words.
You feel a momentary urge to oink. The lindwurm breathes flames at you.
The blast of flame hits you!
You die...

#... #....#######
#...%#†....#
#....†.....#######
#....#{k...#.....#
#....#...........#
#... #.....#.....#
#... #.....#.....#
#.. #h....#.....#
#.. #.....#.....#
. #.....#.....#
....
#.....#.....#.....
#.....#...........
#.....#.....#.....
#.....##.####.....
#......†..........
#.................


You could see a lindwurm.

Vanquished Creatures
  Snorg (D:11)
  Fannar (D:11)
  A death knight (D:10)
  The ghost of Norrik the Carver, a novice MiMo of Okawaru (D:9)
  4 two-headed ogres
  Sonja (D:11)
  An orc knight (D:10)
  Pikel (D:8)
  A manticore (D:6)
  A centaur zombie (D:12)
  Joseph (D:9)
  Maurice (D:10)
  A gargoyle (D:10)
  A kobold demonologist (D:10)
  A centaur skeleton (D:12)
  A hornet (D:10)
  Grinder (D:3)
  The ghost of raetorn the Sneak, a novice VSEn (D:4)
  3 trolls
  3 hippogriffs
  The ghost of Tsuchinokai the Sneak, an amateur OgAs (D:3)
  A wraith (D:10)
  5 yaks
  A human (D:9)
  3 basilisks
  2 wyverns
  4 hogs (D:12)
  A hungry ghost (D:10)
  4 vampire mosquitoes (D:12)
  3 wargs (D:9)
  A water moccasin (D:10)
  A porcupine (D:8)
  Duvessa (D:6)
  2 sky beasts
  3 black bears
  7 orc warriors
  4 ice beasts
  2 slaves (D:8)
  A hornet zombie (D:12)
  2 necrophages (D:10)
  A phantom (D:8)
  11 ogres
  5 centaurs
  A crocodile (D:12)
  Blork the orc (D:4)
  A big kobold (D:8)
  9 bullfrogs
  A gnoll sergeant (D:8)
  A water moccasin zombie (D:6)
  Dowan (D:6)
  A wyvern skeleton (D:11)
  3 scorpions
  21 wights
  3 howler monkeys
  3 bullfrog zombies
  4 crimson imps
  A quasit (D:9)
  7 hounds
  A gnoll shaman (D:5)
  2 jellies
  16 orc wizards
  6 orc priests
  Jessica (D:2)
  3 iguanas
  Terence (D:3)
  18 worker ants
  Natasha (thrice) (D:4)
  A hound zombie (D:6)
  A hound skeleton (D:5)
  A howler monkey zombie (D:6)
  A worker ant zombie (D:6)
  19 gnolls
  12 adders
  A shadow imp (D:5)
  An ooze (D:1)
  A dart slug (D:1)
  3 leopard geckos
  65 orcs
  2 ball pythons (D:1)
  6 bats
  2 giant cockroaches
  7 hobgoblins
  26 jackals
  14 kobolds
  8 quokkas
  A ball python skeleton (D:5)
  5 frilled lizards
  6 goblins
  A quokka skeleton (D:5)
  9 rats
395 creatures vanquished.

Vanquished Creatures (others)
  A slave (D:8)
  A gnoll (D:8)
  An orc (D:3)
  A fungus (D:8)
4 creatures vanquished.

Grand Total: 399 creatures vanquished

Notes
Turn   | Place    | Note
-------+----------+-------------------------------------------
     0 | D:1      | Norrik the Minotaur Monk began the quest for the Orb.
     0 | D:1      | Reached XP level 1. HP: 19/19 MP: 0/0
   155 | D:1      | Reached skill level 4 in Long Blades
   200 | D:1      | Reached XP level 2. HP: 24/27 MP: 1/1
   246 | D:1      | Reached skill level 1 in Armour
   677 | D:2      | Reached XP level 3. HP: 33/33 MP: 2/2
   774 | D:2      | Noticed a black bear
   786 | D:2      | Killed a black bear
   786 | D:2      | Reached skill level 5 in Long Blades
   786 | D:2      | Reached XP level 4. HP: 15/41 MP: 3/3
   959 | D:2      | Reached XP level 5. HP: 41/47 MP: 4/4
  1218 | D:2      | Reached skill level 6 in Long Blades
  1384 | D:2      | Reached skill level 5 in Fighting
  1731 | D:2      | Noticed Jessica
  1736 | D:2      | Killed Jessica
  1736 | D:2      | Reached XP level 6. HP: 51/56 MP: 5/5
  1746 | D:2      | Identified Jessica's Reference Book on the Traveller
  1841 | D:3      | Noticed Grinder
  1862 | D:3      | Paralysed by Grinder for 2 turns
  1864 | D:3      | Killed Grinder
  1864 | D:3      | Reached skill level 7 in Long Blades
  2025 | D:3      | Noticed Terence
  2041 | D:3      | Reached XP level 7. HP: 46/62 MP: 6/6
  2055 | D:3      | Killed Terence
  2447 | D:3      | Noticed Tsuchinokai's ghost (amateur OgAs)
  2483 | D:3      | Killed Tsuchinokai's ghost
  2516 | D:3      | Reached skill level 8 in Long Blades
  2953 | D:4      | Noticed Blork the orc
  2963 | D:4      | Killed Blork the orc
  2963 | D:4      | Reached skill level 5 in Armour
  3049 | D:4      | Reached XP level 8. HP: 57/71 MP: 7/7
  3585 | D:4      | Found Uczunuos's Armour Shop.
  3749 | D:4      | Noticed Natasha
  3763 | D:4      | Killed Natasha
  3790 | D:4      | Noticed Natasha
  3800 | D:4      | Killed Natasha
  3851 | D:4      | Noticed Natasha
  3856 | D:4      | Killed Natasha
  3856 | D:4      | Reached skill level 9 in Long Blades
  3887 | D:4      | Noticed raetorn's ghost (novice VSEn)
  3932 | D:4      | Killed raetorn's ghost
  4006 | D:4      | Got a pair of polished gloves
  4115 | D:4      | Identified the +1 pair of gloves "Igaciysk" {MP-9 Int-3 Dex+9 SInv} (You found it on level 4 of the Dungeon)
  4116 | D:5      | Entered Level 5 of the Dungeon
  4176 | D:5      | Found a staircase to the Ecumenical Temple.
  4210 | Temple   | Entered the Ecumenical Temple
  4380 | Temple   | Became a worshipper of Warmaster Okawaru
  4380 | Temple   | Reached * piety under Okawaru
  4380 | Temple   | Reached ** piety under Okawaru
  4582 | D:5      | Reached skill level 10 in Long Blades
  4821 | D:5      | Reached XP level 9. HP: 62/81 MP: 0/8
  5008 | D:6      | Noticed Duvessa
  5008 | D:6      | Noticed Dowan
  5232 | D:6      | Noticed a manticore
  5242 | D:6      | Killed a manticore
  5242 | D:6      | Reached skill level 11 in Long Blades
  5242 | D:6      | Reached skill level 1 in Invocations
  5463 | D:6      | Reached *** piety under Okawaru
  6077 | D:6      | Killed Duvessa
  6089 | D:6      | Killed Dowan
  6543 | D:7      | Reached **** piety under Okawaru
  6543 | D:7      | Reached skill level 12 in Long Blades
  6778 | D:7      | Found Fafeng's General Store.
  6827 | D:7      | Reached XP level 10. HP: 91/91 MP: 2/11
  6878 | D:7      | Received a gift from Okawaru
  7962 | D:8      | Noticed a two-headed ogre
  7965 | D:8      | Reached ***** piety under Okawaru
  7971 | D:8      | Killed a two-headed ogre
  7971 | D:8      | Reached skill level 13 in Long Blades
  8090 | D:8      | Found a staircase to the Lair.
  8172 | D:8      | Found an ornate altar of the Wu Jian Council.
  8173 | D:8      | Found a snail-covered altar of Cheibriados.
  8279 | D:8      | Noticed Pikel
  8298 | D:8      | Killed Pikel
  8298 | D:8      | Received a gift from Okawaru
  8303 | D:8      | Found a white marble altar of Elyvilon.
  8310 | D:8      | Found a stormy altar of Qazlal.
  8329 | D:8      | Reached skill level 10 in Fighting
  8666 | D:8      | Reached skill level 5 in Invocations
  8993 | D:8      | Got an encrusted buckler {god gift}
  9033 | D:8      | Identified the +3 buckler of Ricis Fem {rElec rN+ Str+3 Slay+3} (Okawaru gifted it to you on level 8 of the Dungeon)
  9048 | D:9      | Found Qaofit Muisk's Antique Armour Boutique.
  9101 | D:8      | Reached XP level 11. HP: 87/100 MP: 13/13
  9306 | D:9      | Found a glowing silver altar of Zin.
  9306 | D:9      | Found an opulent altar of Gozag.
  9395 | D:9      | Noticed Norrik's ghost (novice MiMo)
  9396 | D:9      | Noticed a two-headed ogre
  9396 | D:9      | Found Fulology's Distillery.
  9396 | D:9      | Found Plog's Assorted Antiques.
  9420 | D:9      | Killed Norrik's ghost
  9424 | D:9      | Killed a two-headed ogre
  9424 | D:9      | Reached skill level 14 in Long Blades
  9424 | D:9      | Reached skill level 10 in Armour
  9432 | D:9      | Noticed Joseph
  9447 | D:9      | Killed Joseph
  9599 | D:9      | Found a staircase to the Orcish Mines.
  9685 | D:9      | Found Piytz's Antique Armour Shoppe.
  9926 | D:9      | Bought a glittering ruby amulet for 160 gold pieces
 10001 | D:9      | Identified the amulet "Borub" {Gourm rC+} (You bought it in a shop on level 9 of the Dungeon)
 10008 | D:10     | Entered Level 10 of the Dungeon
 10367 | D:10     | Found an iron altar of Okawaru.
 10377 | D:10     | Noticed a two-headed ogre
 10383 | D:10     | Killed a two-headed ogre
 10392 | D:10     | Reached ****** piety under Okawaru
 10413 | D:10     | Got a brightly glowing falchion
 10419 | D:10     | Identified the cursed +1 falchion of Siwnir {protect, rElec rC+} (You found it on level 10 of the Dungeon)
 10469 | D:10     | Noticed Maurice
 10516 | D:10     | Killed Maurice
 10516 | D:10     | Received a gift from Okawaru
 10770 | D:10     | Found a burning altar of Makhleb.
 10779 | D:10     | Noticed a death knight
 10780 | D:10     | Noticed a two-headed ogre
 10791 | D:10     | Killed a two-headed ogre
 10791 | D:10     | Reached skill level 15 in Long Blades
 11184 | D:10     | Killed a death knight
 11190 | D:10     | Reached XP level 12. HP: 66/109 MP: 15/15
 11610 | D:11     | Found Goowkag's Armour Emporium.
 11728 | D:11     | Found Ruptub's Antique Armour Shop.
 11730 | D:11     | Noticed Snorg
 11732 | D:11     | Noticed Fannar
 11732 | D:11     | Noticed Sonja
 11750 | D:11     | Killed Snorg
 11754 | D:11     | Killed Sonja
 11765 | D:11     | Killed Fannar
 12093 | D:11     | Reached skill level 16 in Long Blades
 12380 | D:12     | Found Gilecisch's Gadget Boutique.
 12532 | D:12     | Found Qutimaf's General Store.
 12614 | D:12     | Reached skill level 1 in Shields
 12918 | D:12     | Noticed Kirke
 12942 | D:12     | Killed from afar by a lindwurm

Skill      XL: |  1  2  3  4  5  6  7  8  9 10 11 12 |
---------------+-------------------------------------+-----
Long Blades    | 4 5 6 7 8 10 12 13 15 16 | 16.4
Armour         | 1 2 3 4 5 6 8 9 11 | 11.9
Fighting       | 4 5 6 7 9 10 11 12 | 12.3
Invocations    | 3 5 6 |  6.0
Shields        | 2 |  2.3
Dodging        | |  3.2
Stealth        | |  1.5

Action                   |  1- 3 |  4- 6 |  7- 9 | 10-12 || total
-------------------------+-------+-------+-------+-------++-------
Melee: Falchion          |    64 |   120 |   415 |       ||   599
       Headbutt          |    11 |    18 |   155 |   195 ||   379
       Scimitar          |       |       |   106 |   541 ||   647
       Unarmed           |       |       |       |     1 ||     1
Invok: Heroism           |       |       |       |     4 ||     4
Evoke: Wand              |       |       |       |     2 ||     2
  Use: Scroll            |       |     4 |     4 |    15 ||    23
 Stab: Sleeping          |     4 |       |       |       ||     4
  Eat: Chunk             |       |     3 |    16 |    32 ||    51
Armor: Ring mail         |     5 |       |       |       ||     5
       Robe              |     2 |       |       |       ||     2
       Plate armour      |    23 |    88 |   373 |   324 ||   808
       Skin              |       |       |       |     1 ||     1
Dodge: Dodged            |    31 |    38 |   173 |   180 ||   422
Block: Buckler           |       |       |    55 |   161 ||   216
       Rpst.: Falchion   |     5 |    11 |    36 |       ||    52
       Scimitar          |       |       |    12 |    40 ||    52
